 Dungeon Crawl Stone Soup version 0.18.1-5-g4a78601 (webtiles) character file.

67713 namelastname112 the Thaumaturge (level 14, -8/122 HPs)
             Began as a Red Draconian Wizard on May 10, 2016.
             Was a Priest of Ashenzari.
             Mangled by an eight-headed hydra (12 damage)
             ... on level 6 of the Lair of Beasts.
             The game lasted 01:24:35 (31722 turns).

namelastname112 the Thaumaturge (DrWz)             Turns: 31722, Time: 01:24:36

Health: -8/122     AC: 14    Str: 10      XL:     14   Next: 84%
Magic:  13/29      EV: 12    Int: 29 (33) God:    Ashenzari [***...]
Gold:   601        SH:  6    Dex: 10      Spells: 7 memorised, 15 levels left

rFire  + . .     SeeInvis +     n - +2 dagger (venom)
rCold  + . .     Gourm    .     (armour unavailable)
rNeg   + + .     Faith    .     W - +1 buckler {rN+} (curse)
rPois  .         Spirit   .     E - +1 hat
rElec  .         Dismiss  .     L - +2 cloak {MR+} (curse)
rCorr  .         Reflect  .     i - +0 pair of gloves
SustAt .         Harm     .     v - +0 pair of boots
MR     ++...                    R - amulet "Nimnicli" {RegenMP Int+2 Dex+2} (curse)
Stlth  ++........               D - ring of protection from cold
                                N - ring of Suspicion {rN+ EV-3 Int+6} (curse)

@: repel missiles, very resistant to hostile enchantments, unstealthy
A: breathe fire, unfitting armour, see invisible, fire resistance 1,
cold-blooded, AC +8
a: Breathe Fire, Curse Item, Scrying, Renounce Religion


You were on level 6 of the Lair of Beasts.
You worshipped Ashenzari.
Ashenzari was most pleased with you.
You were not hungry.

You visited 3 branches of the dungeon, and saw 22 of its levels.

You collected 1487 gold pieces.
You spent 886 gold pieces at shops.

Inventory:

Hand Weapons
 n - a +2 dagger of venom (weapon)
Armour
 i - a +0 pair of gloves (worn)
 v - a +0 pair of boots (worn)
 E - a +1 hat (worn)
 L - a cursed +2 cloak of magic resistance (worn)
 W - a cursed +1 buckler of positive energy (worn)
Magical Staves
 x - an uncursed staff of power
Jewellery
 u - a +2 ring of dexterity
 D - a ring of protection from cold (right hand)
 N - the cursed ring of Suspicion (left hand) {rN+ EV-3 Int+6}
   (You found it on level 6 of the Dungeon)

   [ring of evasion]

   It affects your evasion (-3).
   It affects your intelligence (+6).
   It protects you from negative energy.
   It has a curse placed upon it.
 R - the cursed amulet "Nimnicli" (around neck) {RegenMP Int+2 Dex+2}
   (You bought it in a shop on level 5 of the Dungeon)

   [amulet of magic regeneration]

   It increases your magic regeneration.
   It affects your intelligence (+2).
   It affects your dexterity (+2).
   It has a curse placed upon it.
Wands
 a - a wand of iceblast (8/15)
 f - a wand of iceblast (9/15)
 o - a wand of heal wounds (4/9)
 s - a wand of disintegration (11/24)
 w - a wand of lightning (9/15)
 F - a wand of teleportation (8/9)
 G - a wand of teleportation (2/9)
 J - a wand of lightning (1/15)
 K - a wand of flame (25/48)
 O - a wand of polymorph (14/24)
 Q - a wand of digging (4/24)
 S - a wand of acid (0/15)
 U - a wand of paralysis (18/24)
 Y - a wand of slowing (21/48)
Scrolls
 d - 7 scrolls of teleportation
 g - 2 scrolls of remove curse
 h - 2 scrolls of magic mapping
 p - 3 scrolls of fog
 y - 4 scrolls of blinking
 P - a scroll of enchant armour
Potions
 e - 2 potions of might
 j - 2 potions of cure mutation
 l - a potion of resistance
 m - 3 potions of curing
 q - 2 potions of berserk rage
 t - 3 potions of cancellation {unknown}
 z - 5 potions of agility
 A - 2 potions of invisibility
 C - 6 potions of haste
 H - 3 potions of mutation {unknown}
 I - 2 potions of brilliance
 M - 3 potions of flight
 T - a potion of degeneration {unknown}
 V - a potion of magic
Comestibles
 b - 4 beef jerkies
 c - 17 bread rations
 k - 4 meat rations
 r - 17 fruits
 B - a royal jelly
 X - 5 slices of pizza
 Z - 5 chunks of flesh


   Skills:
 - Level 10.5 Fighting
 - Level 9.3 Dodging
 - Level 1.7 Stealth
 - Level 3.8(5.5) Shields
 + Level 11.5 Spellcasting
 - Level 10.2(11.9) Conjurations
 + Level 10.2(11.9) Summonings
 - Level 1.0(2.1) Translocations
 - Level 10.7(12.4) Fire Magic
   Level 10.3 Invocations


You had 15 spell levels left.
You knew the following spells:

 Your Spells              Type           Power        Failure   Level  Hunger
a - Repel Missiles        Chrm/Air       ###...       4%          2    None
c - Conjure Flame         Conj/Fire      ######..     1%          3    None
d - Regeneration          Chrm/Necr      ###.......   10%         3    None
s - Mephitic Cloud        Conj/Pois/Air  #####...     1%          3    None
v - Monstrous Menagerie   Summ           ######....   24%         7    ######.
x - Blink                 Tloc           N/A          1%          2    None
z - Magic Dart            Conj           ####         1%          1    None


Dungeon Overview and Level Annotations

Branches:
Dungeon (15/15)            Temple (1/1) D:7            Lair (6/8) D:9
 Shoals (0/4) Lair:6        Snake (0/4) Lair:3          Orc (0/2) D:11
 Vaults (0/5) D:14         Depths (0/5) D:15
  Slime: Lair:6-8

Altars:
Ashenzari
Cheibriados
Dithmenos
Elyvilon
Fedhas
Gozag
Kikubaaqudgha
Makhleb
Nemelex Xobeh
Okawaru
Pakellas
Qazlal
Ru
Sif Muna
Trog
Xom
Yredelemnul
Zin
The Shining One

Shops:
D:5 =   D:10 **   D:14 !=}

Annotations:
Lair:4 exclusion: oklob plant


Innate Abilities, Weirdness & Mutations

You can breathe blasts of fire.
Your fiery red scales are hard (AC +8).
Your body does not fit into most forms of armour.
Your flesh is heat resistant.
You are cold-blooded and may be slowed by cold attacks.
You have supernaturally acute eyesight.


Message History

The fire roars!
You now have 14/29 mp.
Casting: Conjure Flame
Confirm with . or Enter, or press ? or * to list all spells.
You blink.
You are engulfed in roaring flames.
You resist.
* * * LOW HITPOINT WARNING * * *
The eight-headed hydra bites you but does no damage.
The eight-headed hydra bites you.
* * * LOW HITPOINT WARNING * * *
The eight-headed hydra bites you.
* * * LOW HITPOINT WARNING * * *
You block the eight-headed hydra's attack.
The eight-headed hydra bites you.
* * * LOW HITPOINT WARNING * * *
The eight-headed hydra bites you!
* * * LOW HITPOINT WARNING * * *
The eight-headed hydra bites you!
* * * LOW HITPOINT WARNING * * *
The eight-headed hydra bites you!
You die...

,
,........#.#......#..P##.#..
,
.....#..........P.......##.
,....#..................P#..
,
,................###P....##.
,...............P.##....#..
,,
....#P..#..........<......
........#......./......... ,
........§..§.............. ,
.......§D@§...............
.........§................ ,
.......................... ,
..>..................P..#.
...#.....P........####.##. ,
, .. ##....P.......P#...###.
. ,,....###.............+. ,
,.#....#......##.....P..
....#.....#. ,
,#......P#........


You could see an eight-headed hydra.

Vanquished Creatures
  Rupert (Lair:4)
  Gastronok (Lair:3)
  Maud (Lair:6)
  Josephine (D:11)
  5 hydras
  Harold (Lair:2)
  2 catoblepae
  2 centaur warriors
  A death knight (D:14)
  Erica (D:7)
  An ogre mage (D:15)
  2 tengu warriors (D:15)
  2 skeletal warriors (D:13)
  Pikel (D:6)
  8 hill giants
  A wizard (D:14)
  A phantasmal warrior (D:14)
  A deep elf mage (D:15)
  A wolf spider zombie (D:15)
  An ugly thing (D:11)
  A wolf spider (D:15)
  2 cyclopes
  5 slime creatures
  A manticore (D:13)
  10 black mambas
  Joseph (D:7)
  14 elephants
  2 oklob plants
  A black mamba (shapeshifter) (D:14)
  10 spiny frogs
  Psyche (D:8)
  3 gargoyles
  2 centaur skeletons
  A komodo dragon (Lair:5)
  3 rime drakes
  An efreet (D:14)
  3 tengu conjurers
  A merfolk (Lair:1)
  3 trolls
  Grinder (D:3)
  3 two-headed ogres (D:15)
  Prince Ribbit (D:5)
  12 blink frogs
  A centaur simulacrum (D:15)
  Sigmund (D:6)
  A shadow (D:13)
  4 wyverns
  24 yaks
  5 wraiths
  4 hogs (Lair:6)
  Eustachio (D:6)
  A hungry ghost (D:8)
  4 basilisks
  A golden eye (shapeshifter) (D:13)
  A vampire mosquito (D:9)
  A steam dragon (Lair:5)
  20 hippogriffs
  2 nagas (Lair:3)
  A soldier ant (D:14)
  5 porcupines
  11 water moccasins
  10 orc warriors
  A slave (D:6)
  4 ice beasts
  3 black bears
  2 necrophages
  2 phantoms
  7 sky beasts
  A wasp (D:13)
  10 ogres
  3 wolves (Lair:3)
  9 centaurs
  11 crocodiles
  7 big kobolds
  22 giant frogs
  6 scorpions
  15 killer bees
  11 wights
  2 howler monkeys
  2 electric eels
  4 giant frog zombies
  8 crimson imps
  Crazy Yiuf (D:6)
  7 hounds
  6 jellies
  A jelly (shapeshifter) (D:15)
  11 orc priests
  23 orc wizards
  8 iguanas
  10 worker ants
  18 sheep
  A hound skeleton (D:8)
  Robin (D:2)
  13 adders
  10 gnolls
  48 river rats
  4 shadow imps
  An ooze (D:2)
  An adder skeleton (D:4)
  2 worms
  3 dart slugs
  5 giant geckos
  72 orcs
  2 ball pythons
  6 giant cockroaches
  13 hobgoblins
  19 jackals
  16 kobolds
  6 quokkas
  11 bats
  2 giant gecko skeletons (D:4)
  7 giant newts
  20 goblins
  2 quokka skeletons
  A quokka zombie (D:9)
  16 rats
  A butterfly (Lair:4)
  3 fungi
716 creatures vanquished.

Vanquished Creatures (collateral kills)
  Kirke (Lair:5)
  A killer bee (D:9)
  An orc (D:9)
3 creatures vanquished.

Vanquished Creatures (others)
  An adder (D:10)
  13 fungi
  8 plants
22 creatures vanquished.

Grand Total: 741 creatures vanquished

Notes
Turn   | Place    | Note
--------------------------------------------------------------
     0 | D:1      | namelastname112 the Draconian Wizard began the quest for the Orb.
     0 | D:1      | Reached XP level 1. HP: 14/14 MP: 4/4
   124 | D:1      | Reached XP level 2. HP: 19/22 MP: 3/6
   384 | D:1      | barb4r1an: сколько нужно аир магии чтобы смочь в торнадо?
   405 | D:1      | namelastname112: много
   405 | D:1      | namelastname112: от инты зависит
   405 | D:1      | namelastname112: от спеллкастинга
   453 | D:1      | Reached XP level 3. HP: 25/27 MP: 0/7
   470 | D:1      | barb4r1an: инты 30 спэл кастинга 15 аир магии 10
   488 | D:1      | barb4r1an: 99% мисс каст
   520 | D:1      | namelastname112: ты с вехом?
   520 | D:1      | barb4r1an: да
   520 | D:1      | namelastname112: 18-220
   520 | D:1      | namelastname112: 20*
   520 | D:1      | barb4r1an: и стафф на визардри
   783 | D:1      | crauler: подсчет скилла бесплатно без смс
   862 | D:1      | Reached skill level 1 in Fighting
   866 | D:1      | Learned a level 2 spell: Blink
   870 | D:1      | Learned a level 3 spell: Mephitic Cloud
   873 | D:1      | Learned a level 2 spell: Repel Missiles
  1443 | D:2      | Reached XP level 4. HP: 26/35 MP: 2/9
  1494 | D:2      | Noticed Robin
  1580 | D:2      | Killed Robin
  1809 | D:2      | Found a sparkling altar of Nemelex Xobeh.
  2020 | D:2      | Found a deep blue altar of Sif Muna.
  2083 | D:2      | Became a worshipper of Sif Muna the Loreminder
  2192 | D:2      | oplop: о, ты решил стрик проебать?
  2248 | D:2      | oplop: или уже?
  2248 | D:2      | namelastname112: уже
  2248 | D:2      | oplop: а, норм
  2248 | D:2      | namelastname112: на д1 раскатали
  2253 | D:2      | oplop: хы
  2255 | D:2      | Reached XP level 5. HP: 41/41 MP: 0/10
  2322 | D:2      | oplop: у меня СНЕЙК и ШОАЛСЫ
  2350 | D:2      | namelastname112: ну
  2350 | D:2      | namelastname112: шоалсы это очень хорошо
  2350 | D:2      | namelastname112: снейк не очень хорошо
  2350 | D:2      | namelastname112: тебе в шоалсах пиздец изи будет
  2350 | D:2      | namelastname112: там инвиз видят буквально два моба
  2352 | D:2      | oplop: да?
  2445 | D:2      | oplop: гм
  2476 | D:2      | oplop: збс
  2476 | D:2      | namelastname112: да
  2476 | D:2      | namelastname112: нимфы и аквамансеры
  2516 | D:3      | barb4r1an: и серены
  2531 | D:3      | barb4r1an: не?
  2542 | D:3      | namelastname112: @??siren
  2542 | D:3      | barb4r1an: сирены*
  2638 | D:3      | barb4r1an: бим сломался
  2777 | D:3      | Found an oddly glowing altar of Pakellas.
  2875 | D:3      | namelastname112: %??siren
  2875 | D:3      | namelastname112: да
  2875 | D:3      | namelastname112: сломался
  2875 | D:3      | namelastname112: siren (m)
                  | Spd: 10 (swim: 60%)
                  | HD: 9
                  | HP: 33-48
                  | AC/EV: 4/12
                  | Dam: 19
                  | weapons, items, doors, amphibious, spellcaster
                  | Res: magic(60), drown
                  | XP: 467
                  | Sp: siren song
                  | Sz: Medium
                  | Int: human.
  2875 | D:3      | oplop: e vtyz gfitn
  2895 | D:3      | oplop: он ЗАДУМАЛСЯ
  2952 | D:3      | beem: siren (m)
                  | Spd: 10 (swim: 60%)
                  | HD: 9
                  | HP: 33-48
                  | AC/EV: 4/12
                  | Dam: 19
                  | weapons, items, doors, amphibious, spellcaster
                  | Res: magic(60), drown
                  | XP: 467
                  | Sp: siren song
                  | Sz: Medium
                  | Int: human.
  3113 | D:3      | Reached XP level 6. HP: 50/50 MP: 4/11
  3207 | D:3      | beem: siren (m)
                  | Spd: 10 (swim: 60%)
                  | HD: 9
                  | HP: 33-48
                  | AC/EV: 4/12
                  | Dam: 19
                  | weapons, items, doors, amphibious, spellcaster
                  | Res: magic(60), drown
                  | XP: 467
                  | Sp: siren song
                  | Sz: Medium
                  | Int: human.
  3306 | D:3      | Noticed Grinder
  3321 | D:2      | Learned a level 3 spell: Conjure Flame
  3404 | D:3      | barb4r1an: кстати
  3460 | D:3      | barb4r1an: я сегодня полиморфил гиндера
  3519 | D:3      | barb4r1an: и появился бристмор финд
  3528 | D:3      | barb4r1an: это законно?
  3536 | D:3      | Paralysed by Grinder for 6 turns
  3545 | D:4      | namelastname112: да
  3545 | D:4      | namelastname112: это тебе наука
  3545 | D:4      | namelastname112: не трогай нахуй гриндера
  3739 | D:4      | barb4r1an: так он же имп
  3745 | D:4      | barb4r1an: с хуя он в хай тир демона полиморфнулся
  3745 | D:4      | namelastname112: у гриндера хд большое для импа
  3745 | D:4      | namelastname112: а демоны могут только в демонов морфиться
  4021 | D:4      | Reached skill level 1 in Invocations
  4038 | D:4      | Reached skill level 4 in Spellcasting
  4475 | D:5      | Entered Level 5 of the Dungeon
  4516 | D:5      | Your scales start taking on a fiery red colour.
  4516 | D:5      | Reached XP level 7. HP: 42/57 MP: 3/13
  4516 | D:5      | Gained mutation: Your flesh is heat resistant. [Red Draconian growth]
  4553 | D:5      | Noticed Prince Ribbit
  4559 | D:5      | Killed Prince Ribbit
  4559 | D:5      | Reached skill level 1 in Fire Magic
  4632 | D:5      | Reached * piety under Sif Muna
  4716 | D:5      | Gained mutation: Your body sometimes deteriorates upon taking damage. [mutagenic meat]
  4717 | D:5      | Gained mutation: You are weak. (Str -2) [mutagenic meat]
  4718 | D:5      | Gained mutation: You are somewhat resistant to further mutation. [mutagenic meat]
  4749 | D:5      | Found a sparkling altar of Nemelex Xobeh.
  4781 | D:5      | Found Lisiuxkoudd's Jewellery Shop.
  4830 | D:5      | Reached XP level 8. HP: 66/66 MP: 14/14
  4841 | D:5      | Reached skill level 5 in Conjurations
  5088 | D:6      | Noticed Sigmund
  5096 | D:6      | barb4r1an: Мне попадся амулет на 9 мп и манарег в начале игры и 2 кольца с маджик павер и визардри
  5096 | D:6      | Killed Sigmund
  5150 | D:3      | barb4r1an: только в таком случае можно играть на ебучих магах
  5159 | D:3      | Killed Grinder
  5159 | D:3      | Reached skill level 5 in Spellcasting
  5171 | D:3      | barb4r1an: иначе они деят говно
  5281 | D:3      | oplop: просто тебе надо git gud
  5353 | D:6      | Reached skill level 5 in Fighting
  5360 | D:6      | barb4r1an: гит гуд у меня с 20 фп :(
  5372 | D:6      | barb4r1an: фпс
  5396 | D:6      | Reached ** piety under Sif Muna
  5461 | D:6      | Reached XP level 9. HP: 67/74 MP: 13/17
  5601 | D:6      | Found a burning altar of Makhleb.
  5636 | D:6      | Reached skill level 5 in Dodging
  5749 | D:6      | Noticed Crazy Yiuf
  5766 | D:6      | Killed Crazy Yiuf
  5879 | D:6      | Noticed Pikel
  5884 | D:6      | Noticed Eustachio
  5908 | D:6      | Killed Eustachio
  5908 | D:6      | Reached skill level 5 in Invocations
  5934 | D:6      | Killed Pikel
  5943 | D:6      | namelastname112: секретная техника
  5989 | D:6      | barb4r1an: секретная технка поломаного клауда
  6025 | D:6      | Reached skill level 5 in Fire Magic
  6139 | D:6      | Found a sparkling altar of Nemelex Xobeh.
  6312 | D:6      | Got a steaming brass ring
  6387 | D:6      | Identified the cursed ring of Suspicion {rN+ EV-3 Int+6} (You found it on level 6 of the Dungeon)
  6388 | D:6      | oplop: знаете, что такое ПОДФАРТИЛО?
  6388 | D:6      | oplop: You feel extremely strange. _You feel robust. x2
  6422 | D:6      | namelastname112: ого нахуй
  6460 | D:7      | Reached skill level 6 in Spellcasting
  6461 | D:7      | namelastname112: !apt hp
  6461 | D:7      | beem: HP: Og: 3!, Tr: 3!, Na: 2, DD: 2, Mi: 1, Dr: 1, Gh: 1, HO: 1, Ce: 1, Dg: 1, Ds: 0, Fo: 0, Hu: 0, Mf: 0, Vp: 0, Mu: 0, Op: -1, Ha: -1, HE: -1, Te: -2, DE: -2, Ko: -2, Gr: -2, Sp: -3, VS: -3, Fe: -4*
  6461 | D:7      | namelastname112: ты теперь почти как нормальный чар
  6484 | D:7      | oplop: почти человек, лол
  6898 | D:7      | barb4r1an: а я кучей чешуек обмазался на дип эльфе
  6981 | D:7      | Noticed Joseph
  6984 | D:7      | barb4r1an: довольно таки сильно
  7002 | D:7      | Killed Joseph
  7002 | D:7      | Reached XP level 10. HP: 84/84 MP: 19/19
  7096 | D:7      | Found a staircase to the Ecumenical Temple.
  7125 | D:7      | Lost mutation: You are somewhat resistant to further mutation. [potion of cure mutation]
  7125 | D:7      | Lost mutation: Your body sometimes deteriorates upon taking damage. [potion of cure mutation]
  7125 | D:7      | Lost mutation: You are weak. (Str -2) [potion of cure mutation]
  7126 | D:7      | oplop: блядь
  7127 | D:7      | oplop: нашел кб
  7128 | D:7      | oplop: но он обычный +0
  7128 | D:7      | namelastname112: лол
  7128 | D:7      | namelastname112: ты охуел там совсем
  7128 | D:7      | namelastname112: со своим везением блять
  7129 | D:8      | Noticed Erica
  7130 | D:8      | oplop: говно же
  7155 | D:7      | namelastname112: его зачантить
  7155 | D:7      | namelastname112: забрендидь
  7155 | D:7      | namelastname112: и все
  7184 | D:8      | Noticed Psyche
  7187 | D:8      | oplop: vj;yj yfqnb dfhg dbgjy
  7268 | D:8      | oplop: можно найти варп випон
  7276 | D:8      | oplop: и заебаться бегать за мобами
  7278 | D:7      | namelastname112: блять
  7278 | D:7      | namelastname112: ебаные бабы
  7278 | D:7      | namelastname112: устроили тут тусовку
  7318 | D:7      | oplop: кек
  7340 | D:7      | Killed Erica
  7340 | D:7      | Reached *** piety under Sif Muna
  7466 | D:8      | Killed Psyche
  7484 | D:8      | Gained mutation: Your spells are a little easier to cast, but a little less powerful. [mutagenic meat]
  7485 | D:8      | Gained mutation: You tend to lose your temper in combat. [mutagenic meat]
  7486 | D:8      | Gained mutation: You are dopey. (Int -2) [mutagenic meat]
  7488 | D:8      | Gained mutation: You are weak. (Str -2) [mutagenic meat]
  7547 | D:8      | barb4r1an: найс мутируешь
  7608 | D:8      | namelastname112: ага
  7608 | D:8      | namelastname112: мне тоже нравится
  7619 | D:8      | oplop: xt nfv
  7689 | D:8      | oplop: че там
  7695 | D:8      | oplop: покажи
  7698 | D:8      | oplop: ы
  7816 | D:8      | grom234: LUL
  8732 | D:9      | Gained mutation: You are somewhat resistant to further mutation. [mutagenic meat]
  8736 | D:9      | Gained mutation: Your magical capacity is low (-10% MP). [mutagenic meat]
  8741 | D:9      | namelastname112: найс
  8741 | D:9      | barb4r1an: HAHAHA
  8741 | D:9      | namelastname112: осталось только телепортитис и блюр
  8764 | D:9      | oplop: курмута нет чтоле?
  8764 | D:9      | barb4r1an: еще можео фреил словить
  8775 | D:9      | barb4r1an: есть 2 штуки
  8838 | D:9      | Noticed a hill giant
  8893 | D:9      | Killed a hill giant
  8893 | D:9      | Reached skill level 7 in Spellcasting
  9293 | D:9      | oplop: бля
  9324 | D:9      | Found a staircase to the Lair.
  9384 | D:9      | Reached **** piety under Sif Muna
  9385 | D:9      | oplop: схуяли я позавчера с третьей максимум попытки паралайзил гидру с 0 эвоков
  9409 | D:9      | oplop: палкой
  9417 | D:9      | oplop: а сегодня с 10
  9505 | D:9      | oplop: ебучий рандом
  9738 | D:9      | Noticed a three-headed hydra
  9798 | D:9      | barb4r1an: лол,трёхголовая гидра
  9811 | D:9      | barb4r1an: так же не бывает
  9812 | D:9      | oplop: чейто
  9812 | D:9      | namelastname112: бывает
  9812 | D:9      | namelastname112: волт такой
  9819 | D:9      | barb4r1an: я не видел ни разу
  9822 | D:9      | Killed a three-headed hydra
  9822 | D:9      | Reached XP level 11. HP: 47/92 MP: 6/19
  9835 | D:9      | oplop: алсо, можно взять убогое оружие с фаербрендом режущее
  9870 | D:9      | oplop: и сделать из лубой гидры одноголовую
  9877 | D:9      | oplop: любой
  9903 | D:9      | barb4r1an: это я знаю
  9920 | D:9      | Got a crude halberd {holy}
  9921 | D:9      | Identified the +7 halberd "Kogieheh" {holy, rN+ Int+2} (You took it off an orc warrior on level 9 of the Dungeon)
  9941 | D:9      | barb4r1an: эта гидра изначально 3 головая
 10001 | D:9      | oplop: cdznfz fkt,fhlf
 10061 | D:9      | oplop: святая алебарда
 10082 | D:9      | barb4r1an: 4-8 голвые гидры только встречались
 10082 | D:9      | oplop: of juht,tim
 10101 | D:9      | oplop: а зачем ты алебардой без скилла машешь?
 10193 | D:9      | namelastname112: мне так нравится
 10371 | Lair:1   | Entered Level 1 of the Lair of Beasts
 10371 | Lair:1   | Noticed an oklob plant
 10374 | D:9      | namelastname112: 10/10
 10374 | D:9      | oplop: и не поспоришь...
 10374 | D:9      | barb4r1an: хахаха
 10374 | D:9      | namelastname112: лейр мне как бы говорит
 10374 | D:9      | namelastname112: ТЕБЕ ЗДЕСЬ НЕ РАДЫ
 10374 | D:9      | oplop: че там
 10401 | D:10     | Entered Level 10 of the Dungeon
 10405 | D:10     | oplop: я не посмотрел :33
 10409 | D:9      | barb4r1an: там куст
 10409 | Lair:1   | oplop: лолд
 10621 | D:10     | Found Xiacyamm's Elemental Accessories.
 10686 | D:10     | Found Cuymm's Assorted Antiques.
 10843 | D:10     | barb4r1an: пора тп делать
 10857 | D:10     | barb4r1an: или нет
 11025 | D:10     | Bought a scroll labeled MYUNEDDUMEC for 29 gold pieces
 11025 | D:10     | Bought a scroll labeled QYIBAGHEVAD for 29 gold pieces
 11025 | D:10     | Bought a curved smoking staff for 348 gold pieces
 11025 | D:10     | Bought a murky red potion for 26 gold pieces
 11031 | D:10     | barb4r1an: Кек,этот резист от мутации для закрепления хуйни которую ты уже словил
 11032 | D:10     | barb4r1an: 10\10
 11331 | D:11     | Noticed Josephine
 11333 | D:11     | Noticed a hill giant
 11354 | D:11     | Killed a hill giant
 11369 | D:11     | Killed Josephine
 11402 | D:11     | Reached ***** piety under Sif Muna
 11495 | D:11     | Found a staircase to the Orcish Mines.
 11520 | D:11     | Lost mutation: You are weak. (Str -2) [potion of cure mutation]
 11520 | D:11     | Lost mutation: You are somewhat resistant to further mutation. [potion of cure mutation]
 11520 | D:11     | Lost mutation: You are dopey. (Int -2) [potion of cure mutation]
 11520 | D:11     | Lost mutation: You tend to lose your temper in combat. [potion of cure mutation]
 11520 | D:11     | Lost mutation: Your spells are a little easier to cast, but a little less powerful. [potion of cure mutation]
 11521 | D:11     | Lost mutation: Your magical capacity is low (-10% MP). [potion of cure mutation]
 11522 | D:11     | Gained mutation: You have supernaturally acute eyesight. [potion of beneficial mutation]
 11567 | D:11     | Noticed a cyan ugly thing
 11583 | D:11     | Killed a cyan ugly thing
 11583 | D:11     | Reached skill level 8 in Spellcasting
 11613 | D:11     | Noticed a hill giant
 11638 | D:11     | Killed a hill giant
 11902 | D:11     | Noticed a hill giant
 11935 | D:11     | Killed a hill giant
 11935 | D:11     | Reached XP level 12. HP: 49/103 MP: 16/24
 12346 | D:12     | Noticed a six-headed hydra
 12641 | D:12     | Killed a six-headed hydra
 12989 | D:12     | Found a stormy altar of Qazlal.
 13095 | D:12     | Found an opulent altar of Gozag.
 13663 | D:13     | Noticed a centaur warrior
 13677 | D:13     | Killed a centaur warrior
 14223 | D:13     | namelastname112: найс шифтер
 14223 | D:13     | namelastname112: а главное вовремя
 14844 | D:13     | Reached ****** piety under Sif Muna
 14873 | D:14     | Found Pityceet's Jewellery Shoppe.
 15097 | D:14     | Noticed a centaur warrior
 15105 | D:14     | Reached skill level 9 in Spellcasting
 15108 | D:14     | Killed a centaur warrior
 15519 | D:14     | Found Feof Kuatwoh's Distillery.
 15591 | D:14     | Received a gift from Sif Muna
 15594 | D:14     | Identified Sif Muna's Collected Works on Execration (Sif Muna gifted it to you on level 14 of the Dungeon)
 15596 | D:14     | namelastname112: эх
 15596 | D:14     | namelastname112: опять говно подарила
 15596 | D:14     | namelastname112: шлюха дешевая
 15666 | D:14     | Reached skill level 10 in Fire Magic
 15691 | D:14     | Reached XP level 13. HP: 87/113 MP: 15/26
 15749 | D:14     | Found Qeox's Gadget Shop.
 16153 | D:14     | oplop: зачем ты ненужнобога взял?
 16205 | D:14     | Reached skill level 10 in Fighting
 16211 | D:14     | namelastname112: алтарь на д2
 16211 | D:14     | namelastname112: плюс стрик я проебал
 16211 | D:14     | namelastname112: можно делать хуйню
 16527 | D:14     | Found a gate to the Vaults.
 16770 | D:15     | Entered Level 15 of the Dungeon
 16807 | D:15     | Reached skill level 10 in Conjurations
 16807 | D:15     | Reached skill level 10 in Invocations
 16822 | D:15     | oplop: пиздец
 16953 | D:15     | oplop: чуть не огреб от госта формицида
 17470 | D:15     | xeno23: бля
 17477 | D:15     | xeno23: визард
 17488 | D:15     | xeno23: хочешь мой хайскор своровать?
 17488 | D:15     | namelastname112: стрик проебал
 17488 | D:15     | xeno23: мм
 17798 | D:15     | oplop: ксено
 17806 | D:15     | oplop: сгоняй вынеси пяток орбов, а?
 17814 | D:15     | oplop: а то чет мы в говне
 17830 | D:15     | oplop: а я рак, лол
 17994 | D:15     | Found a staircase to the Depths.
 18117 | D:15     | Learned a level 3 spell: Regeneration
 18117 | D:15     | namelastname112: блять
 18117 | D:15     | namelastname112: ща я просто сиф кину нахуй
 18117 | D:15     | namelastname112: уйду к аш
 18117 | D:15     | oplop: кидай, весело будет
 18117 | D:15     | namelastname112: заделаюсь суммонером короче
 18117 | D:15     | oplop: с мискастами то
 18127 | D:15     | oplop: а че, сссанину дарт?
 18127 | D:15     | oplop: дарит
 18127 | D:15     | namelastname112: вон
 18127 | D:15     | namelastname112: говнище
 18127 | D:15     | oplop: ясно
 18271 | Temple   | Entered the Ecumenical Temple
 18272 | Temple   | namelastname112: ну хоть вам весело будет
 18272 | Temple   | namelastname112: на пиздец смотреть
 18322 | Temple   | Fell from the grace of Sif Muna
 18322 | Temple   | Became a worshipper of Ashenzari the Shackled
 18462 | D:6      | oplop: ,Бля, мож алистаира выучить?
 18475 | D:6      | oplop: чтобы эльфы охуели
 18484 | D:5      | namelastname112: говно
 18484 | D:5      | namelastname112: базарю
 18484 | D:5      | Bought the amulet "Nimnicli" {RegenMP Int+2 Dex+2} for 454 gold pieces
 18484 | D:5      | oplop: :'(
 18499 | D:5      | Learned a level 7 spell: Monstrous Menagerie
 18642 | D:9      | namelastname112: ебать ща в лейре веселуха будет
 18918 | Lair:1   | Reached skill level 1 in Shields
 20163 | Lair:2   | Noticed Harold
 20195 | Lair:2   | Killed Harold
 20238 | Lair:2   | Reached * piety under Ashenzari
 20801 | Lair:1   | Drew Focus: Int increased to 25, Dex decreased to 8
 21629 | Lair:2   | Reached skill level 5 in Summonings
 22290 | Lair:2   | oplop: меня фавны копьями разъебывают
 22360 | Lair:2   | oplop: пиздец
 22373 | Lair:3   | namelastname112: ты в орках-то был?
 22373 | Lair:3   | oplop: а, забыл
 22385 | Lair:3   | Noticed Gastronok
 22445 | Lair:3   | namelastname112: круг начертил
 22445 | Lair:3   | namelastname112: от нечисти
 22728 | Lair:3   | Killed Gastronok
 22998 | Lair:3   | Reached XP level 14. HP: 118/122 MP: 24/27
 23109 | Lair:3   | Found a staircase to the Snake Pit.
 23861 | Lair:3   | oplop: в лабиринте минотавр с кольцом sinv
 23867 | Lair:3   | oplop: сучка
 24149 | Lair:3   | namelastname112: заплюй
 24355 | Lair:3   | xeno23: ну ща вынесу скоро
 24368 | Lair:4   | Reached ** piety under Ashenzari
 24369 | Lair:4   | xeno23: если не обосрусь
 24383 | Lair:4   | oplop: я ему паралайза напихал с палки
 24401 | Lair:4   | Noticed Rupert
 24422 | Lair:4   | Paralysed by Rupert for 4 turns
 24424 | Lair:4   | Killed Rupert
 24426 | Lair:4   | namelastname112: сука
 24426 | Lair:4   | namelastname112: лол блять
 24426 | Lair:4   | namelastname112: вот руперт идиот ебаный
 24442 | Lair:4   | Reached skill level 10 in Spellcasting
 25837 | Lair:4   | oplop: а какой мне с консула профит?
 25843 | Lair:4   | namelastname112: архимагия ж
 25843 | Lair:4   | namelastname112: если найдешь книгу с хексами
 25843 | Lair:4   | oplop: -wiz ж
 25843 | Lair:4   | namelastname112: будет клево
 25843 | Lair:4   | namelastname112: там -виз некритичный
 28156 | Lair:5   | oplop: чет пц лагает
 28182 | Lair:5   | oplop: а, это мой говноинтернет
 28696 | Lair:5   | Reached *** piety under Ashenzari
 29579 | Lair:6   | Reached skill level 11 in Spellcasting
 30065 | Lair:6   | Noticed Maud
 30079 | Lair:6   | Killed Maud
 30117 | Lair:6   | Was forgiven by Sif Muna
 30845 | Lair:5   | namelastname112: сука
 30845 | Lair:5   | namelastname112: инет провис
 30957 | Lair:6   | Noticed Kirke
 31220 | Lair:5   | Reached skill level 10 in Summonings
 31284 | Lair:5   | Killed Kirke
 31719 | Lair:6   | Found a staircase to the Shoals.
 31722 | Lair:6   | HP: 4/122 [eight-headed hydra (8)]
 31722 | Lair:6   | Mangled by an eight-headed hydra

Skill      XL: |  1  2  3  4  5  6  7  8  9 10 11 12 13 14 |
---------------+-------------------------------------------+-----
Dodging        | 2 3 4 6 7 8 9 |  9.3
Conjurations   | 2 3 4 5 6 7 8 9 10 | 10.2
Fighting       | 1 2 3 4 5 6 7 8 9 10 | 10.5
Invocations    | 1 2 4 6 7 8 9 10 | 10.3
Spellcasting   | 4 5 6 7 8 9 11 | 11.5
Fire Magic     | 2 3 5 7 8 10 | 10.7
Shields        | 3 |  3.8
Summonings     | 6 10 | 10.2
Stealth        | |  1.7
Translocations | |  1.0

Action                   |  1- 3 |  4- 6 |  7- 9 | 10-12 | 13-15 || total
-------------------------+-------+-------+-------+-------+-------++-------
Melee: Short sword       |    74 |    29 |       |       |       ||   103
       Tailslap          |     2 |    12 |    22 |    62 |   117 ||   215
       Dagger            |       |   165 |   258 |   328 |   932 ||  1683
       Halberd           |       |       |       |   561 |   188 ||   749
 Cast: Magic Dart        |    78 |   135 |   131 |   136 |   146 ||   626
       Repel Missiles    |     1 |     1 |       |     3 |     3 ||     8
       Mephitic Cloud    |       |     7 |     9 |    69 |    53 ||   138
       Blink             |       |     2 |     1 |    22 |    77 ||   102
       Conjure Flame     |       |     2 |     3 |    29 |   165 ||   199
       Monstrous Menager |       |       |       |       |     1 ||     1
Invok: Curse Item        |       |       |       |       |     4 ||     4
       Channel Energy    |       |       |       |       |     3 ||     3
 Abil: Breathe Fire      |       |       |    10 |    21 |    37 ||    68
Evoke: Wand              |       |       |       |     6 |     5 ||    11
       Deck              |       |       |       |       |     8 ||     8
  Use: Scroll            |       |     2 |       |    19 |    10 ||    31
       Potion            |       |       |       |    10 |     1 ||    11
 Stab: Sleeping          |     1 |       |       |     1 |     2 ||     4
       Confused          |       |     1 |     1 |    13 |    14 ||    29
       Distracted        |       |       |       |     1 |       ||     1
  Eat: Chunk             |     2 |    12 |    19 |    27 |    20 ||    80
       Beef jerky        |       |     1 |       |       |       ||     1
       Meat ration       |       |       |       |     4 |     6 ||    10
       Fruit             |       |       |       |     2 |     1 ||     3
       Pizza             |       |       |       |     1 |     1 ||     2
       Royal jelly       |       |       |       |       |     2 ||     2
       Bread ration      |       |       |       |       |     1 ||     1
Armor: Skin              |    38 |    70 |   148 |   521 |   531 ||  1308
Dodge: Dodged            |    75 |   169 |   152 |   679 |   708 ||  1783
       Deflected         |       |     5 |       |     6 |     4 ||    15
Block: Buckler           |       |       |       |       |   261 ||   261
